 Dungeon Crawl Stone Soup version 0.29-a0-393-g47a863cc1b (webtiles) character file.

Game seed: 14539864344202830084

39 Hubjo the Firebug (level 3, -2/20 HPs)
             Began as a Deep Elf Fire Elementalist on May 10, 2022.
             Slain by a goblin
             ... wielding a +0 club
             ... led by Robin
              (5 damage)
             ... on level 2 of the Dungeon.
             The game lasted 00:02:18 (1526 turns).

Hubjo the Firebug (Deep Elf Fire Elementalist)      Turns: 1526, Time: 00:02:19

Health: -2/20      AC:  2    Str:  5    XL:     3   Next: 26%
Magic:  7/9        EV: 12    Int: 21    God:
Gold:   46         SH:  0    Dex: 15    Spells: 7/8 levels left

rFire   . . .      SeeInvis .   (no weapon)
rCold   . . .      Faith    .   (no shield)
rNeg    . . .      Spirit   .   a - +0 robe
rPois   .          Reflect  .   (no helmet)
rElec   .          Harm     .   (no cloak)
rCorr   .          Rampage  .   (no gloves)
Will    .....                   (no boots)
Stlth   ++........              (no amulet)
HPRegen 0.06/turn               (no ring)
MPRegen 0.11/turn               (no ring)

@: lethally poisoned (-2 -> -4)
A: no striking features
a: no special abilities


You were on level 2 of the Dungeon.
You visited 1 branch of the dungeon, and saw 2 of its levels.

You collected 46 gold pieces.

Inventory:

Armour
 a - a +0 robe (worn)
Scrolls
 g - a scroll of identify {unknown}
 h - a scroll of silence {unknown}
 i - a scroll of teleportation {unknown}
Potions
 c - a potion of haste {unknown}
 d - a potion of curing {unknown}
 e - 2 potions of degeneration {unknown}
 f - a potion of mutation {unknown}


   Skills:
 * Level 1.3 Fighting
 - Level 2.4 Dodging
 + Level 3.0 Stealth
 + Level 3.4 Spellcasting
 - Level 1.1 Conjurations
 + Level 3.7 Fire Magic


You had 7 spell levels left.
You knew the following spells:

 Your Spells              Type           Power      Damage    Failure   Level
a - Foxfire               Conj/Fire      52%        2x1d6     4%          1

Your spell library contained the following spells:

 Spells                   Type           Power      Damage    Failure   Level
 Scorch                   Fire           38%        2d7       4%          2
 Conjure Flame            Conj/Fire      13%        6-21      14%         3
 Inner Flame              Hex/Fire       11%        N/A       19%         3
 Flame Wave               Conj/Fire      13%        2d6       43%         4


Dungeon Overview and Level Annotations

Branches:
Dungeon (2/15)

Altars:

Shops:
D:1 [

Annotations:
D:2 Robin


Message History

Robin throws the goblin at you!
A goblin comes into view. It is wielding a +0 club.
You feel sick.
The foxfire hits Robin.
Robin is severely wounded.
The foxfire hits Robin.
Robin is severely wounded.
The foxfire hits the kobold but does no damage.
Robin throws the goblin at you! The goblin closely misses you.
You hit the goblin.
The goblin is heavily wounded.
You feel sick.
Robin roars a battlecry!
The goblin goes into a battle-frenzy!
The goblin closely misses you. x2
You hear a shout!
Magic courses through your body.
You feel sick. The goblin hits you with a +0 dagger.
The kobold throws a poisoned dart.
The poisoned dart misses you.
Robin says, "A pitiful Elf like you will never find the ORB!"
The goblin closely misses you.
Casting: Foxfire (safe; 4% risk of failure)
Confirm with . or Enter, or press ? or * to list all spells.
You conjure some foxfire!
You feel sick. The goblin hits you with a +0 club.
* * * LOW HITPOINT WARNING * * *
The goblin hits you with a +0 dagger.
* * * LOW HITPOINT WARNING * * *
The goblin misses you.
* * * LOW HITPOINT WARNING * * *
You feel sick.
The foxfire hits the goblin.
The goblin is heavily wounded.
The foxfire hits the goblin.
You kill the goblin!
The goblin misses you. The goblin hits you but does no damage.
Casting: Foxfire (safe; 4% risk of failure)
Confirm with . or Enter, or press ? or * to list all spells.
You conjure some foxfire!
* * * LOW HITPOINT WARNING * * *
You feel sick. The goblin closely misses you. x2
The goblin hits you with a +0 club.
You die...

#.....#..##..#
#.....##.....#..##
#.....#[.(....... .
#.....#.###..... .#
######..# ....§ †.#
#######..## ..g§.))#
#........# ##.##..#
#......).# #gg..##..#
#........# ##@Kg......
#........###gvv......#
#...................##
#........###........#
#........# ##########
#........# #........#
#########


You could see Robin, 4 goblins and a kobold (ally target).

Vanquished Creatures
  2 dart slugs (D:1)
  4 endoplasms (D:1)
  A giant cockroach (D:1)
  4 hobgoblins
  2 kobolds
  A quokka (D:1)
  6 ball pythons
  A bat (D:1)
  7 goblins
  3 rats (D:1)
31 creatures vanquished.

Vanquished Creatures (others)
  167 foxfires
167 creatures vanquished.

Grand Total: 198 creatures vanquished

Notes
Turn   | Place    | Note
-------+----------+-------------------------------------------
     0 | D:1      | Hubjo the Deep Elf Fire Elementalist began the quest for
                  | the Orb.
     0 | D:1      | Reached XP level 1. HP: 10/10 MP: 6/6
   391 | D:1      | Reached XP level 2. HP: 16/16 MP: 2/8
   668 | D:1      | Reached skill level 1 in Fighting
  1262 | D:1      | Found Zirghept's Antique Armour Shop.
  1425 | D:2      | Reached XP level 3. HP: 18/20 MP: 6/9
  1512 | D:2      | Noticed Robin
  1526 | D:2      | Slain by a goblin

Illustrated notes

Levels and vault maps discovered:
D:1:      roderic_octagonal_star, layout_basic, serial_shops, shop
D:2:      layout_rooms, hellmonk_ecumenical_altar_blasted, uniq_robin,
          uniq_jessica

Skill      XL: |  1  2  3 |
---------------+----------+-----
Fighting       | 1 |  1.3
Stealth        | 3 |  3.0
Dodging        | |  2.4
Spellcasting   | |  3.4
Conjurations   | |  1.1
Fire Magic     | |  3.7

Action                   || total
-------------------------++-------
Melee: Unarmed           ||     1
 Cast: Foxfire           ||    95
  Use: Potion            ||     1
Armor: Robe              ||     3
Dodge: Dodged            ||    14

Table legend: (Time is in decaauts)
 A = Elapsed time spent in this place.
 B = Non-inter-level travel time spent in this place.
 C = Inter-level travel time spent in this place.
 D = Time resting spent in this place.
 E = Time spent auto-exploring this place.
 F = Levels seen in this place.
 G = Mean time per level.
                   A        B        C        D        E       F      G
               +--------+--------+--------+--------+--------+-----+--------+
         Total |   1525 |   1494 |     31 |      0 |   1312 |   2 |  762.5 |
       Dungeon |   1525 |   1494 |     31 |      0 |   1312 |   2 |  762.5 |
               +--------+--------+--------+--------+--------+-----+--------+

Top non-repeatable levels by time:
     D:1: 1422 daAuts
     D:2: 103 daAuts
